PCL
VANCOUVER VIPERS @ MILE HIGH BRONCOS
08/15/2028
 
TOP OF THE 1ST
Vancouver Vipers batting - Pitching for Mile High Broncos : RHP Hokusai Nakashima
Pitching: RHP Hokusai Nakashima
Batting: RHB Víctor Arredondo 0-0: Called Strike
0-1: Ball
1-1: Ball
2-1: Called Strike
2-2: Foul Ball, location: 2F
2-2: Ball
3-2: Foul Ball, location: 2F
3-2: Foul Ball, location: 2F
3-2: SINGLE (Groundball, 6D)
Batting: RHB Lorenzo González 0-0: Ball
1-0: Foul Ball, location: 2F
1-1: SINGLE (Line Drive, 9S)
Víctor Arredondo to second
Batting: LHB Benny Richard 0-0: Swinging Strike
0-1: Ball
1-1: Swinging Strike
1-2: Strikes out swinging
Batting: LHB Mike Williams 0-0: Called Strike
0-1: Ball
Víctor Arredondo steals 3rd base
Lorenzo González to second
1-1: Foul Ball, location: 2F
1-2: Foul Ball, location: 2F
1-2: Foul Ball, location: 2F
1-2: Ball
2-2: Strikes out swinging
Batting: LHB Nick English 0-0: SINGLE (Line Drive, 89S)
Víctor Arredondo scores
Lorenzo González to third
Runner from 3rd tries for Home, SAFE, no throw
Batting: RHB Ryan Parrish 0-0: Ball
1-0: Swinging Strike
1-1: Ball
2-1: Fly out, F8 (Flyball, 89M)
Top of the 1st over - 2 run(s), 3 hit(s), 0 error(s), 1 left on base; Vancouver 2 - Mile High 0
BOTTOM OF THE 1ST
Mile High Broncos batting - Pitching for Vancouver Vipers : RHP Tom Wallace
Pitching: RHP Tom Wallace
Batting: LHB Jesús González 0-0: Ground out 3-1 (Groundball, 34)
Batting: RHB Evan Robinson 0-0: Ball
1-0: SINGLE (Line Drive, 8LS)
Batting: LHB José Rivas 0-0: Called Strike
0-1: Swinging Strike
0-2: Ball
1-2: Ball
2-2: Strikes out swinging
Batting: RHB Rodney González 0-0: Called Strike
0-1: Called Strike
0-2: Ball
1-2: Ball
2-2: Foul Ball, location: 2F
2-2: Strikes out swinging
Bottom of the 1st over - 0 run(s), 1 hit(s), 0 error(s), 1 left on base; Vancouver 2 - Mile High 0
TOP OF THE 2ND
Vancouver Vipers batting - Pitching for Mile High Broncos : RHP Hokusai Nakashima
Batting: RHB Marvin Workman 0-0: Swinging Strike
0-1: Ball
1-1: Called Strike
1-2: Ball
2-2: Ground out 5-3 (Groundball, 56)
Batting: RHB Salvador Medine 0-0: Ball
1-0: Foul Ball, location: 2F
1-1: Fly out, F3 (Line Drive, 3S)
Batting: RHB Axel Guimont 0-0: Called Strike
0-1: SINGLE (Line Drive, 78S)
Batting: RHB Víctor Arredondo 0-0: Ball
1-0: Ball
2-0: Ball
3-0: Fielders Choice at 2nd, 6-4 (Groundball, 6)
Top of the 2nd over - 0 run(s), 1 hit(s), 0 error(s), 0 left on base; Vancouver 2 - Mile High 0
BOTTOM OF THE 2ND
Mile High Broncos batting - Pitching for Vancouver Vipers : RHP Tom Wallace
Batting: LHB Mark Everett 0-0: Called Strike
0-1: Swinging Strike
0-2: Ball
1-2: Strikes out looking
Batting: RHB David Moran 0-0: Ground out 5-3 (Groundball, 56)
Batting: RHB Jeff Packard 0-0: Ball
1-0: SINGLE (Groundball, 34D)
Batting: SHB Tom Stevens 0-0: Called Strike
0-1: Fielders Choice at 2nd, 5-4 (Groundball, 5L)
Bottom of the 2nd over - 0 run(s), 1 hit(s), 0 error(s), 0 left on base; Vancouver 2 - Mile High 0
TOP OF THE 3RD
Vancouver Vipers batting - Pitching for Mile High Broncos : RHP Hokusai Nakashima
Batting: RHB Lorenzo González 0-0: Ball
1-0: Called Strike
1-1: Ball
2-1: Ground out 4-3 (Groundball, 4M)
Batting: LHB Benny Richard 0-0: Ball
1-0: Swinging Strike
1-1: Called Strike
1-2: Foul Ball, location: 2F
1-2: Ground out 3-1 (Groundball, 34)
Batting: LHB Mike Williams 0-0: Ball
1-0: Ball
2-0: Ball
3-0: Called Strike
3-1: SINGLE (Line Drive, 6D)
Batting: LHB Nick English 0-0: Called Strike
0-1: Called Strike
0-2: Ball
1-2: Ground out 4-3 (Groundball, 34)
Top of the 3rd over - 0 run(s), 1 hit(s), 0 error(s), 1 left on base; Vancouver 2 - Mile High 0
BOTTOM OF THE 3RD
Mile High Broncos batting - Pitching for Vancouver Vipers : RHP Tom Wallace
Batting: RHB John Brown 0-0: Ball
1-0: Ball
2-0: Ball
3-0: Called Strike
3-1: Swinging Strike
3-2: Base on Balls
Batting: LHB Jesús González 0-0: Fly out, F7 (Flyball, 7LS)
Batting: RHB Evan Robinson 0-0: Ball
1-0: Foul Ball, location: 2F
1-1: Grounds into double play, 6-4-3 (Groundball, 6)
Bottom of the 3rd over - 0 run(s), 0 hit(s), 0 error(s), 0 left on base; Vancouver 2 - Mile High 0
TOP OF THE 4TH
Vancouver Vipers batting - Pitching for Mile High Broncos : RHP Hokusai Nakashima
Batting: RHB Ryan Parrish 0-0: Foul Ball, location: 2F
0-1: Foul Ball, location: 2F
0-2: Strikes out swinging
Batting: RHB Marvin Workman 0-0: Called Strike
0-1: Ball
1-1: Ball
2-1: Fly out, F9 (Line Drive, 9)
Batting: RHB Salvador Medine 0-0: Ball
1-0: Swinging Strike
1-1: SINGLE (Groundball, 4D)
Batting: RHB Axel Guimont 0-0: Called Strike
0-1: Ball
1-1: Foul Ball, location: 2F
1-2: Ball
2-2: Ball
Salvador Medine steals 2nd base
3-2: Foul Ball, location: 2F
3-2: Strikes out swinging
Top of the 4th over - 0 run(s), 1 hit(s), 0 error(s), 1 left on base; Vancouver 2 - Mile High 0
BOTTOM OF THE 4TH
Mile High Broncos batting - Pitching for Vancouver Vipers : RHP Tom Wallace
Batting: LHB José Rivas 0-0: Ball
1-0: Called Strike
1-1: Foul Ball, location: 2F
1-2: Foul Ball, location: 2F
1-2: Ball
2-2: Ball
3-2: Foul Ball, location: 2F
3-2: SINGLE (Groundball, 34D) (infield hit)
Batting: RHB Rodney González 0-0: Ball
1-0: Swinging Strike
1-1: Ball
2-1: Ball
3-1: Called Strike
3-2: Strikes out swinging
Batting: LHB Mark Everett 0-0: Called Strike
0-1: Fly out, F9 (Flyball, 89S)
Batting: RHB David Moran 0-0: Called Strike
0-1: Called Strike
0-2: Strikes out swinging
Bottom of the 4th over - 0 run(s), 1 hit(s), 0 error(s), 1 left on base; Vancouver 2 - Mile High 0
TOP OF THE 5TH
Vancouver Vipers batting - Pitching for Mile High Broncos : RHP Hokusai Nakashima
Batting: RHB Víctor Arredondo 0-0: Ball
1-0: Called Strike
1-1: Ground out 5-3 (Groundball, 56)
Batting: RHB Lorenzo González 0-0: Ball
1-0: Foul Ball, location: 2F
1-1: Fly out, F7 (Flyball, 78D)
Batting: LHB Benny Richard 0-0: Called Strike
0-1: Ground out 6-3 (Groundball, 6)
Top of the 5th over - 0 run(s), 0 hit(s), 0 error(s), 0 left on base; Vancouver 2 - Mile High 0
BOTTOM OF THE 5TH
Mile High Broncos batting - Pitching for Vancouver Vipers : RHP Tom Wallace
Batting: RHB Jeff Packard 0-0: Foul Ball, location: 2F
0-1: Fly out, F9 (Flyball, 9LS)
Batting: SHB Tom Stevens 0-0: Called Strike
0-1: Swinging Strike
0-2: Ball
1-2: Ground out 6-3 (Groundball, 6)
Batting: RHB John Brown 0-0: Ball
1-0: Called Strike
1-1: Swinging Strike
1-2: Foul Ball, location: 2F
1-2: SINGLE (Line Drive, 8LS)
Batting: LHB Jesús González 0-0: Ball
1-0: Foul Ball, location: 2F
1-1: Swinging Strike
1-2: Ball
2-2: Foul Ball, location: 2F
2-2: Strikes out swinging
Bottom of the 5th over - 0 run(s), 1 hit(s), 0 error(s), 1 left on base; Vancouver 2 - Mile High 0
TOP OF THE 6TH
Vancouver Vipers batting - Pitching for Mile High Broncos : RHP Hokusai Nakashima
Pitching: RHP Brandon Mitchell
Batting: LHB Mike Williams 0-0: Called Strike
0-1: Ball
1-1: Ball
2-1: DOUBLE (Line Drive, 7D)
Batting: LHB Nick English 0-0: DOUBLE (Flyball, 8LD)
Mike Williams scores
Batting: RHB Ryan Parrish 0-0: Ball
1-0: Called Strike
1-1: Hit by Pitch
Batting: RHB Marvin Workman 0-0: Hit by Pitch
Nick English to third
Ryan Parrish to second
Batting: RHB Salvador Medine 0-0: Called Strike
0-1: Ball
1-1: Grounds into fielders choice 3-2 (Groundball, 34)
Ryan Parrish to third
Marvin Workman to second
Batting: RHB Axel Guimont 0-0: Called Strike
0-1: SINGLE (Flyball, 9LS)
Ryan Parrish scores
Marvin Workman to third
Salvador Medine to second
Pitching: LHP Jorge García
Batting: RHB Víctor Arredondo 0-0: Fly out, F1 (Line Drive, 13)
Batting: RHB Lorenzo González 0-0: Called Strike
0-1: Called Strike
0-2: Fly out, F8 (Line Drive, 89D)
Top of the 6th over - 2 run(s), 3 hit(s), 0 error(s), 3 left on base; Vancouver 4 - Mile High 0
BOTTOM OF THE 6TH
Mile High Broncos batting - Pitching for Vancouver Vipers : RHP Tom Wallace
Batting: RHB Evan Robinson 0-0: Fly out, F9 (Flyball, 9S)
Batting: LHB José Rivas 0-0: SINGLE (Line Drive, 89M)
Batting: RHB Rodney González 0-0: Ball
1-0: Ball
2-0: Fly out, F9 (Flyball, 89XD)
Batting: LHB Mark Everett 0-0: Ball
1-0: Fly out, F4 (Popup, 34D)
Bottom of the 6th over - 0 run(s), 1 hit(s), 0 error(s), 1 left on base; Vancouver 4 - Mile High 0
TOP OF THE 7TH
Vancouver Vipers batting - Pitching for Mile High Broncos : LHP Jorge García
Batting: LHB Benny Richard 0-0: Called Strike
0-1: Ground out 4-3 (Groundball, 4)
Batting: LHB Mike Williams 0-0: Reached via error on a dropped throw, E1
Batting: LHB Nick English 0-0: Ball
1-0: Fielders Choice at 2nd, 1-6 (Groundball, 13)
Batting: RHB Ryan Parrish 0-0: Ball
Nick English is caught stealing 2nd base
Top of the 7th over - 0 run(s), 0 hit(s), 1 error(s), 0 left on base; Vancouver 4 - Mile High 0
BOTTOM OF THE 7TH
Mile High Broncos batting - Pitching for Vancouver Vipers : RHP Tom Wallace
Batting: RHB David Moran 0-0: Ball
1-0: Ball
2-0: Called Strike
2-1: Foul Ball, location: 2F
2-2: Ball
3-2: Strikes out swinging
Batting: RHB Jeff Packard 0-0: Ball
1-0: Fly out, F7 (Flyball, 7S)
Batting: SHB Tom Stevens 0-0: Ball
1-0: Called Strike
1-1: Ball
2-1: Ball
3-1: Called Strike
3-2: SINGLE (Line Drive, 56)
Batting: RHB John Brown 0-0: Ball
1-0: Foul Ball, location: 2F
1-1: Ball
2-1: SINGLE (Line Drive, 8RS)
Tom Stevens to second
Batting: LHB Jesús González 0-0: Called Strike
0-1: Ball
1-1: Foul Ball, location: 2F
1-2: Foul Ball, location: 2F
1-2: Ball
2-2: Fly out, F7 (Line Drive, 78M)
Bottom of the 7th over - 0 run(s), 2 hit(s), 0 error(s), 2 left on base; Vancouver 4 - Mile High 0
TOP OF THE 8TH
Vancouver Vipers batting - Pitching for Mile High Broncos : LHP Jorge García
Batting: RHB Ryan Parrish 0-0: Foul Ball, location: 2F
0-1: Ball
1-1: SINGLE (Flyball, 8LM)
Batting: RHB Marvin Workman 0-0: Ball
1-0: SINGLE (Groundball, 25) (infield hit)
Ryan Parrish to second
Pinch Runner at 1st Alfredo Hernández:
Batting: RHB Salvador Medine 0-0: Ball
1-0: Called Strike
1-1: Ball
2-1: Foul Ball, location: 2F
2-2: Grounds into double play, 4-6-3 (Groundball, 4)
Ryan Parrish to third
Pitching: LHP Domingo Morales
Batting: RHB Axel Guimont 0-0: SINGLE (Groundball, 4D)
Ryan Parrish scores
Batting: RHB Víctor Arredondo 0-0: Called Strike
0-1: Ball
1-1: Ball
2-1: Ball
3-1: Foul Ball, location: 2F
3-2: SINGLE (Flyball, 89S)
Axel Guimont to second
Axel Guimont to third
Batting: RHB Lorenzo González 0-0: Ball
1-0: Ball
2-0: Called Strike
2-1: Called Strike
2-2: Ball
3-2: Strikes out swinging
Top of the 8th over - 1 run(s), 4 hit(s), 0 error(s), 2 left on base; Vancouver 5 - Mile High 0
BOTTOM OF THE 8TH
Mile High Broncos batting - Pitching for Vancouver Vipers : RHP Tom Wallace
Pitching: RHP Jesse Jones
Batting: RHB Evan Robinson 0-0: SINGLE (Line Drive, 8LS)
Batting: LHB José Rivas 0-0: Called Strike
0-1: Ball
1-1: 2-RUN HOME RUN (Flyball, 78XD), Distance : 407 ft
Pitching: RHP Von Hicks
Batting: RHB Rodney González 0-0: Called Strike
0-1: Ball
1-1: Called Strike
1-2: Ground out 5-3 (Groundball, 56)
Batting: LHB Mark Everett 0-0: Called Strike
0-1: Called Strike
0-2: Strikes out swinging
Batting: RHB David Moran 0-0: Ball
1-0: Ball
2-0: Called Strike
2-1: Ball
3-1: Swinging Strike
3-2: Strikes out swinging
Bottom of the 8th over - 2 run(s), 2 hit(s), 0 error(s), 0 left on base; Vancouver 5 - Mile High 2
TOP OF THE 9TH
Vancouver Vipers batting - Pitching for Mile High Broncos : LHP Domingo Morales
Batting: LHB Benny Richard 0-0: Ground out 4-3 (Groundball, 34D)
Batting: LHB Mike Williams 0-0: Swinging Strike
0-1: Foul Ball, location: 2F
0-2: Ball
1-2: Foul Ball, location: 2F
1-2: Ground out U3 (Groundball, 3)
Batting: LHB Nick English 0-0: Ball
1-0: Called Strike
1-1: Ground out 4-3 (Groundball, 34)
Top of the 9th over - 0 run(s), 0 hit(s), 0 error(s), 0 left on base; Vancouver 5 - Mile High 2
BOTTOM OF THE 9TH
Mile High Broncos batting - Pitching for Vancouver Vipers : RHP Von Hicks
Pitching: LHP Cliff Williams
Batting: RHB Jeff Packard 0-0: Ball
1-0: Ground out 1-3 (Groundball, P)
Batting: SHB Tom Stevens 0-0: Swinging Strike
0-1: Foul Ball, location: 2F
0-2: Ball
1-2: Strikes out swinging
Batting: RHB John Brown 0-0: Ball
1-0: SINGLE (Groundball, 6MD)
Batting: LHB Jesús González 0-0: Ball
1-0: Called Strike
1-1: Swinging Strike
1-2: Fly out, F7 (Flyball, 7LMF)
Bottom of the 9th over - 0 run(s), 1 hit(s), 0 error(s), 1 left on base; Vancouver 5 - Mile High 2
Tuesday, August 8th, 2017 - OOTP Baseball 17.12 Build 75